 Dungeon Crawl Stone Soup version 0.22-a0-395-gfed312b (webtiles) character file.

11 iamserjio the Magician (level 2, -1/19 HPs)
             Began as a Barachi Wizard on May 3, 2018.
             Slain by a gnoll
             ... wielding a +0 whip
              (7 damage)
             ... on level 1 of the Dungeon.
             The game lasted 00:01:36 (664 turns).

iamserjio the Magician (Barachi Wizard)              Turns: 664, Time: 00:01:37

Health: -1/19      AC:  2    Str:  8    XL:     2   Next: 25%
Magic:  1/6        EV: 12    Int: 18    God:
Gold:   89         SH:  0    Dex: 10    Spells: 7/8 levels left

rFire    . . .     SeeInvis .   g - +0 mace
rCold    . . .     Gourm    .   (no shield)
rNeg     . . .     Faith    .   a - +0 robe
rPois    .         Spirit   .   b - +0 hat
rElec    .         Reflect  .   (no cloak)
rCorr    .         Harm     .   (no gloves)
MR       .....                  (no boots)
Stlth    ++........             (no amulet)
HPRegen  0.06/turn              (no ring)
MPRegen  0.10/turn              (no ring)

@: slow
A: +LOS, swims, slowness 1, strong legs 1
a: Hop


You were on level 1 of the Dungeon.
You were not hungry.

You visited 1 branch of the dungeon, and saw 1 of its levels.

You collected 89 gold pieces.

Inventory:

Hand Weapons
 g - a +0 mace (weapon)
Armour
 a - a +0 robe (worn)
 b - a +0 hat (worn)
Scrolls
 c - a scroll of teleportation {unknown}
 i - a scroll of random uselessness {unknown}
 j - a scroll of magic mapping {unknown}
 k - a scroll of enchant weapon {unknown}
Potions
 e - 2 potions of ambrosia {unknown}
 h - a potion of brilliance {unknown}
Comestibles
 d - 3 rations
 f - a chunk of flesh


   Skills:
 - Level 2.1 Dodging
 - Level 1.7 Stealth
 + Level 3.6 Spellcasting
 + Level 1.9 Conjurations
   Level 1.2 Summonings
   Level 1.1 Translocations


You had 7 spell levels left.
You knew the following spells:

 Your Spells              Type           Power        Failure   Level  Hunger
a - Magic Dart            Conj           ##..         7%          1    None


Dungeon Overview and Level Annotations

Branches:
Dungeon (1/15)

Altars:


Innate Abilities, Weirdness & Mutations

Shadows flee at your approach. (+LOS)
You can swim through water.
You cover ground slowly.
You can hop short distances.


Message History

The gnoll is heavily wounded.
Casting: Magic Dart (safe; 7% risk of failure)
Confirm with . or Enter, or press ? or * to list all spells.
Aiming: Magic Dart (safe; 7% risk of failure)
Press: ? - help, Shift-Dir - straight line, f/p - gnoll
Aim: a gnoll, wielding a whip (heavily wounded)
The magic dart hits the gnoll.
The gnoll is severely wounded.
You barely miss the gnoll.
The gnoll is severely wounded.
The gnoll hits you with a whip.
You barely miss the gnoll.
The gnoll is severely wounded.
The gnoll hits you with a whip!
* * * LOW HITPOINT WARNING * * *
The gnoll barely misses you.
You hit the gnoll but do no damage.
The gnoll is severely wounded.
The gnoll hits you with a whip!
You die...

##..##################....
#........................
#####.###############....
#.### ####.... #...#
#....... #...## #.......
#....# #....... #....#
#....... ####@# #.(.....
#g# #....... ... #....###
#.... #....# #..... ######
#...... #....... +........
#.........


You could see a gnoll.

Vanquished Creatures
  A dart slug (D:1)
  A giant cockroach (D:1)
  A hobgoblin (D:1)
  A ball python (D:1)
  2 bats (D:1)
  A kobold (D:1)
  4 rats (D:1)
11 creatures vanquished.

Notes
Turn   | Place    | Note
-------+----------+-------------------------------------------
     0 | D:1      | iamserjio the Barachi Wizard began the quest for the Orb.
     0 | D:1      | Reached XP level 1. HP: 13/13 MP: 4/4
   290 | D:1      | Reached XP level 2. HP: 19/19 MP: 0/6
   664 | D:1      | Slain by a gnoll

Vault maps used:
D:1:      ncdulo_watergridlock

Action                   || total
-------------------------++-------
Melee: Unarmed           ||     8
       Mace              ||    15
 Cast: Magic Dart        ||    23
 Stab: Sleeping          ||     1
Armor: Robe              ||     9
Dodge: Dodged            ||    22

Table legend:
 A = Spawn XP
 B = Non-spawn XP
 C = Spawn XP percentage of total XP
 D = Spawn monster count
 E = Non-spawn monster count
 F = Spawn count percentage of total count
 G = Total turns spent on level
                    A         B        C        D         E        F      G
               +---------+---------+-------+---------+---------+-------+---------
         Total |       0 |      16 |   0.0 |       0 |      11 |   0.0 |   664
               +---------+---------+-------+---------+---------+-------+---------
           D:1 |       0 |      16 |   0.0 |       0 |      11 |   0.0 |   664
               +---------+---------+-------+---------+---------+-------+---------
